 Dungeon Crawl Stone Soup version 0.27-a0-661-gca034ae587 (webtiles) character file.

Game seed: 8781607071132252316

53 Johnny the Digger (level 3, -2/17 (21) HPs)
             Began as a Deep Elf Earth Elementalist on Mar 17, 2021.
             Slain by a gnoll
             ... wielding a +0 flail of draining
              (4 damage)
             ... on level 2 of the Dungeon.
             The game lasted 00:01:19 (1412 turns).

Johnny the Digger (Deep Elf Earth Elementalist)     Turns: 1412, Time: 00:01:20

HP:   -2/17 (21)    AC:  8    Str:  5    XL:     3   Next: 64%
MP:   6/10          EV: 11    Int: 20    God:
Gold: 64            SH:  0    Dex: 15    Spells: 8/9 levels left

rFire    . . .     SeeInvis .   (no weapon)
rCold    . . .     Faith    .   (no shield)
rNeg     . . .     Spirit   .   h - +0 leather armour
rPois    .         Reflect  .   f - +2 helmet
rElec    .         Harm     .   (no cloak)
rCorr    .         Rampage  .   (no gloves)
Will     .....                  g - +1 pair of boots
Stlth    ++........             (no amulet)
HPRegen  0.05/turn              (no ring)
MPRegen  0.12/turn              (no ring)

@: heavily drained
A: no striking features
a: no special abilities


You were on level 2 of the Dungeon.
You visited 1 branch of the dungeon, and saw 2 of its levels.

You collected 64 gold pieces.

Inventory:

Missiles
 b - 11 stones
Armour
 f - a +2 helmet (worn)
 g - a +1 pair of boots (worn)
 h - a +0 leather armour (worn)
Jewellery
 c - an amulet of faith
 j - an amulet of guardian spirit
Scrolls
 a - 2 scrolls of identify {unknown}
Potions
 d - 3 potions of curing
 e - a potion of brilliance {unknown}
 i - a potion of heal wounds {unknown}


   Skills:
 * Level 1.8 Fighting
 - Level 2.4 Dodging
 - Level 2.4 Stealth
 + Level 3.8 Spellcasting
 - Level 1.1 Transmutations
 + Level 3.8 Earth Magic


You had 8 spell levels left.
You knew the following spells:

 Your Spells              Type           Power      Damage    Failure   Level
a - Sandblast             Erth           38%        2d10      4%          1

Your spell library contained the following spells:

 Spells                   Type           Power      Damage    Failure   Level
 Passwall                 Tmut/Erth      10%        N/A       12%         2
 Stone Arrow              Conj/Erth      22%        3d8       30%         3
 Petrify                  Tmut/Erth      13%        N/A       63%         4
 Lee's Rapid Deconstruct  Erth           9%         3d8*      77%         5


Dungeon Overview and Level Annotations

Branches:
Dungeon (2/15)

Altars:


Message History

Confirm with . or Enter, or press ? or * to list all spells.
Aiming: Sandblast (safe; 4% risk of failure)
Press: ? - help, Shift-Dir - straight line, f - hobgoblin
Aim: a hobgoblin, wielding a +0 club (21% to evade)
The blast of sand hits the hobgoblin!
You kill the hobgoblin!
The giant cockroach completely misses you.
The gnoll hits you with a +0 flail of draining.
* * * LOW HITPOINT WARNING * * *
You feel drained.
* * * LOW HITPOINT WARNING * * *
Unknown command.
The giant cockroach barely misses you.
It was a potion of curing.
You feel better. The giant cockroach closely misses you.
Casting: Sandblast (safe; 4% risk of failure)
Confirm with . or Enter, or press ? or * to list all spells.
Aiming: Sandblast (safe; 4% risk of failure)
Press: ? - help, Shift-Dir - straight line, f - giant cockroach
Aim: a giant cockroach (21% to evade)
The blast of sand hits the giant cockroach.
You kill the giant cockroach!
Casting: Sandblast (safe; 4% risk of failure)
Confirm with . or Enter, or press ? or * to list all spells.
Aiming: Sandblast (safe; 4% risk of failure)
Press: ? - help, Shift-Dir - straight line, f - kobold
Aim: a kobold, wielding a +0 whip (26% to evade)
The blast of sand hits the kobold.
You kill the kobold!
Casting: Sandblast (safe; 4% risk of failure)
Confirm with . or Enter, or press ? or * to list all spells.
Aiming: Sandblast (safe; 4% risk of failure)
Press: ? - help, Shift-Dir - straight line, f - gnoll
Aim: a gnoll, wielding a +0 flail of draining (18% to evade)
The blast of sand hits the gnoll.
The gnoll is moderately wounded.
The gnoll hits you with a +0 flail of draining!
* * * LOW HITPOINT WARNING * * *
You feel drained.
You die...

K. ... .........##.
..## .... .####....##.
..##.... #.....##
#####..... ##......
#..)#..# ###...### #
#.(g#.# ##......†. #.
#...#..# #..#######
#..#####.##########.##
#.........g@...†....#
#.......#####.......#
#.......##
#.####......
#........# ##.#
.....(..
########.###..#
#######... #........##
## #.......##
#......## #......#


You could see a gnoll.

Vanquished Creatures
  3 adders (D:2)
  An ooze (D:2)
  A giant cockroach (D:2)
  3 hobgoblins
  2 jackals (D:1)
  A ball python (D:1)
  4 bats
  3 frilled lizards
  A goblin (D:1)
  5 kobolds
  5 rats
29 creatures vanquished.

Notes
Turn   | Place    | Note
-------+----------+-------------------------------------------
     0 | D:1      | Johnny the Deep Elf Earth Elementalist began the quest for
                  | the Orb.
     0 | D:1      | Reached XP level 1. HP: 10/10 MP: 6/6
   514 | D:1      | Reached XP level 2. HP: 16/16 MP: 4/8
   623 | D:1      | Reached skill level 1 in Fighting
  1189 | D:2      | Reached XP level 3. HP: 15/20 MP: 7/10
  1412 | D:2      | Slain by a gnoll

Illustrated notes

Levels and vault maps discovered:
D:1:      lightli_arrival_statuegarden, layout_basic
D:2:      layout_rooms, minmay_distorted, uniq_sigmund

Skill      XL: |  1  2 |
---------------+-------+-----
Fighting       | 1 |  1.8
Dodging        | |  2.4
Stealth        | |  2.4
Spellcasting   | |  3.8
Transmutations | |  1.1
Earth Magic    | |  3.8

Action                   || total
-------------------------++-------
Melee: Unarmed           ||    29
 Cast: Sandblast         ||    37
  Use: Potion            ||     1
Armor: Leather armour    ||    21
       Robe              ||     1
Dodge: Dodged            ||    38

Table legend: (Time is in decaauts)
 A = Elapsed time spent in this place.
 B = Non-inter-level travel time spent in this place.
 C = Inter-level travel time spent in this place.
 D = Time resting spent in this place.
 E = Time spent auto-exploring this place.
 F = Levels seen in this place.
 G = Mean time per level.
                   A        B        C        D        E       F      G
               +--------+--------+--------+--------+--------+-----+--------+
         Total |   1411 |   1341 |     70 |     21 |   1127 |   2 |  705.5 |
       Dungeon |   1411 |   1341 |     70 |     21 |   1127 |   2 |  705.5 |
               +--------+--------+--------+--------+--------+-----+--------+

Top non-repeatable levels by time:
     D:1: 1022 daAuts
     D:2: 389 daAuts
